 Dungeon Crawl Stone Soup version 0.30-a0-711-gf4ac18a38d (webtiles) character file.

Game seed: 4589556502248347814

112 ASSMAN the Chopper (level 4, -4/42 HPs)
             Began as a Hill Orc Chaos Knight on Jan 23, 2023.
             Was a Plaything of Xom.
             Slain by a black bear (6 damage)
             ... on level 4 of the Dungeon.
             The game lasted 00:02:40 (2084 turns).

ASSMAN the Chopper (Hill Orc Chaos Knight)          Turns: 2084, Time: 00:02:41

Health: -4/42      AC:  5    Str: 15 (16) XL:     4   Next: 93%
Magic:  4/4        EV:  9    Int: 10 (12) God:    Xom [..*...]
Gold:   141        SH:  5    Dex:  7 (10) Spells: 3/3 levels left

rFire   . . .      SeeInvis .    a - +0 hand axe (chaos)
rCold   . . .      Faith    .    r - +0 kite shield
rNeg    + . .      Spirit   .    b - +2 leather armour
rPois   .          Reflect  .    (no helmet)
rElec   .          Harm     .    (no cloak)
rCorr   .          Rampage  .    (no gloves)
Will    .....                    (no boots)
Stlth   +                        j - amulet of magic regeneration
HPRegen 0.27/turn                d - ring of positive energy
MPRegen 0.49/turn                (no ring)

@: flying
A: no striking features
a: Renounce Religion


You were on level 4 of the Dungeon.
You worshipped Xom.
You were a toy of Xom.
You visited 1 branch of the dungeon, and saw 4 of its levels.

You collected 141 gold pieces.

Inventory:

Hand Weapons
 a - a +0 hand axe of chaos (weapon)
Armour
 b - a +2 leather armour (worn)
 r - a +0 kite shield (worn)
Magical Staves
 m - a staff of cold
Jewellery
 d - a ring of positive energy (left hand)
 e - an amulet of faith
 j - an amulet of magic regeneration (around neck)
Scrolls
 h - a scroll of silence {unknown}
 i - a scroll of teleportation {unknown}
 l - a scroll of fear {unknown}
 o - a scroll of fog {unknown}
 q - a scroll of immolation {unknown}
Potions
 k - 2 potions of curing {unknown}
 n - a potion of cancellation {unknown}
 p - 2 potions of attraction {unknown}
Miscellaneous
 c - a piece from Xom's chessboard (15/15) (quivered)


   Skills:
 + Level 5.2 Fighting
 + Level 5.8 Axes
 - Level 2.1 Armour
 - Level 0.7 Dodging
 + Level 0.3 Shields


You had 3 spell levels left.
You didn't know any spells.
Your spell library was empty.

Dungeon Overview and Level Annotations

Branches:
Dungeon (4/15)
 Temple: D:4-7

Altars:
Makhleb
Xom
Yredelemnul

Shops:
D:2 *


Message History

The black bear bites you.
The black bear claws you but does no damage.
You block the black bear's attack. The black bear bites you!
You block the black bear's attack. The black bear claws you.
You completely miss the black bear.
The black bear is moderately wounded.
The black bear bites you. The black bear claws you.
* * * LOW HITPOINT WARNING * * *
You block the black bear's attack. x2; The black bear claws you.
* * * LOW HITPOINT WARNING * * *
You block the black bear's attack.
You are too injured to fight recklessly!
Okay, then.
Okay, then.
It was a potion of flight.
You feel very buoyant.
You fly up into the air.
The black bear closely misses you. The black bear barely misses you.
The black bear claws you but does no damage.
You block the black bear's attack.
The black bear claws you but does no damage.
The black bear claws you.
* * * LOW HITPOINT WARNING * * *
It was a potion of degeneration.
There was something very wrong with that liquid.
You feel weakened.
You feel dopey.
You feel clumsy.
Xom roars with laughter!
The black bear bites you.
* * * LOW HITPOINT WARNING * * *
The black bear claws you.
* * * LOW HITPOINT WARNING * * *
The black bear claws you.
You die... "Leave my toy alone!"
Xom revives you!
Unknown command.
The black bear completely misses you. The black bear barely misses you.
The black bear claws you.
You die...
Xom thinks this is hilarious!

......###.........
#..#.....##.......#.
###..>... #.......###.
#......#..#.....#..#..
# ...... #...##........
#. ....###...........##
#.. #............#.....
#...##.#.##..##.##.....
#...h@......#..##.....
#......#...#.#.........
#......###.............
##.#........##.........
###....#..###.........
#....#..###.........
....................
#....##...##...#.....
#........#....#.....


You could see a black bear (berserk, resistant).

Vanquished Creatures
  An adder (D:2)
  3 worms (D:3)
  5 dart slugs
  3 orcs (D:3)
  5 ball pythons
  3 endoplasms
  4 giant cockroaches
  5 goblins
  3 hobgoblins
  6 kobolds
  A quokka (D:2)
  4 bats
  3 frilled lizards
  2 rats (D:1)
48 creatures vanquished.

Vanquished Creatures (collateral kills)
  3 gnolls (D:3)
  A rat (D:3)
4 creatures vanquished.

Grand Total: 52 creatures vanquished

Notes
Turn   | Place    | Note
-------+----------+-------------------------------------------
     0 | D:1      | ASSMAN the Hill Orc Chaos Knight began the quest for the
                  | Orb.
     0 | D:1      | Reached XP level 1. HP: 19/19 MP: 1/1
   177 | D:1      | Reached XP level 2. HP: 26/27 MP: 2/2
   236 | D:1      | XOM: divination: magic mapping
   303 | D:2      | Found a faded altar of an unknown god.
   311 | D:2      | Reached XP level 3. HP: 34/34 MP: 3/3
   413 | D:2      | Reached skill level 5 in Axes
   464 | D:2      | Found Zagaa's General Store.
   894 | D:3      | XOM: divination: magic mapping
   996 | D:3      | XOM: cloud trail
  1008 | D:3      | XOM: scenery: create altars
  1215 | D:3      | Found a burning altar of Makhleb.
  1216 | D:3      | Found a basalt altar of Yredelemnul.
  1403 | D:3      | Reached XP level 4. HP: 41/41 MP: 4/4
  1425 | D:3      | XOM: summons 2 friendly demons
  1432 | D:3      | Reached skill level 5 in Fighting
  1493 | D:3      | XOM: cloud trail
  2073 | D:4      | Noticed a black bear
  2083 | D:4      | HP: 1/42 [black bear (4)]
  2083 | D:4      | Xom revived you
  2084 | D:4      | Slain by a black bear

Illustrated notes

Levels and vault maps discovered:
D:1:      onia_arrival_pyramid, layout_basic, chequers_jeans,
          minmay_indecisive_spiral
D:2:      layout_basic, serial_shops, nicolae_shop_trees,
          nicolae_ecumenical_snake_handling, grunt_decor_arrowhead,
          chequers_arboretum, uniq_crazy_yiuf_cottage
D:3:      layout_basic, gammafunk_temple_overflow_pools
D:4:      layout_cave_pools, minmay_temple_entry_drinking_statues, serial_shops,
          kennysheep_mini_moat, nicolae_inconvenience_store

Skill      XL: |  1  2  3  4 |
---------------+-------------+-----
Fighting       | 4 5 |  5.2
Axes           | 5 |  5.8
Armour         | |  2.1
Dodging        | |  0.7
Shields        | |  0.3

Action                     |  1- 3 |  4- 6 || total
---------------------------+-------+-------++-------
  Melee: Hand axe          |    93 |    44 ||   137
         Punch             |     1 |     1 ||     2
    Use: Potion            |       |     2 ||     2
 Armour: Leather armour    |    26 |    13 ||    39
  Dodge: Dodged            |    51 |    22 ||    73
  Block: Kite shield       |       |    17 ||    17

Table legend: (Time is in decaauts)
 A = Elapsed time spent in this place.
 B = Non-inter-level travel time spent in this place.
 C = Inter-level travel time spent in this place.
 D = Time resting spent in this place.
 E = Time spent auto-exploring this place.
 F = Levels seen in this place.
 G = Mean time per level.
                   A        B        C        D        E       F      G
               +--------+--------+--------+--------+--------+-----+--------+
         Total |   2092 |   1996 |     96 |      0 |   1644 |   4 |  523.0 |
       Dungeon |   2092 |   1996 |     96 |      0 |   1644 |   4 |  523.0 |
               +--------+--------+--------+--------+--------+-----+--------+

Top non-repeatable levels by time:
     D:3: 1278 daAuts
     D:2: 461 daAuts
     D:1: 297 daAuts
     D:4: 55 daAuts
